 Dungeon Crawl Stone Soup version 0.23.2-33-g5129a83 (webtiles) character file.

Game seed: 15388499257243744242

6047 AgonHex the Quickloader (level 10, -2/88 HPs)
             Began as a Minotaur Berserker on Aug 1, 2019.
             Was a High Priest of Trog.
             Slain by a swamp worm (12 damage)
             ... on level 9 of the Dungeon.
             The game lasted 00:26:45 (9784 turns).

AgonHex the Quickloader (Minotaur Berserker)        Turns: 9784, Time: 00:26:46

Health: -2/88      AC: 13    Str: 25    XL:     10   Next: 57%
Magic:  9/9        EV:  9    Int:  4    God:    Trog [*****.]
Gold:   305        SH:  0    Dex: 10    Spells: 9/9 levels left

rFire    . . .     SeeInvis +   a - +2 flail (protect)
rCold    . . .     Gourm    .   (no shield)
rNeg     . . .     Faith    +   w - +0 chain mail
rPois    +         Spirit   .   (helmet restricted)
rElec    .         Reflect  .   (no cloak)
rCorr    .         Harm     .   (no gloves)
MR       .....                  v - +1 pair of boots
Stlth    ..........             s - amulet of faith {Faith, !P}
HPRegen  0.24/turn              S - ring of see invisible
MPRegen  0.11/turn              P - ring of poison resistance

@: hasted, quick
A: retaliatory headbutt, horns 2
a: Berserk, Trog's Hand, Brothers in Arms, Renounce Religion


You were on level 9 of the Dungeon.
You worshipped Trog.
Trog was extremely pleased with you.
You were not hungry.

You visited 1 branch of the dungeon, and saw 9 of its levels.
You also visited: Bailey.

You collected 1571 gold pieces.
You spent 1266 gold pieces at shops.

Inventory:

Hand Weapons
 a - a +2 flail of protection (weapon)
 b - the +5 triple crossbow of Jekhacw {flame, Str+2 Dex+2 SInv}
   (You bought it in a shop on level 4 of the Dungeon)

   It causes projectiles fired from it to burn those they strike, causing extra
   injury to most foes and up to half again as much damage against particularly
   susceptible opponents.
   It affects your strength (+2).
   It affects your dexterity (+2).
   It lets you see invisible.
Missiles
 g - 42 sling bullets (quivered)
 m - 159 bolts
 Q - 54 arrows
Armour
 v - a +1 pair of boots (worn)
 w - a +0 chain mail (worn)
 x - the +4 plate armour of Objectivity {rPois MP+9 Int-4 Stlth+}
   (You bought it in a shop on level 8 of the Dungeon)

   It affects your intelligence (-4).
   It protects you from poison.
   It affects your magic capacity (+9).
   It makes you more stealthy.
Jewellery
 j - an uncursed ring of fire {rF+, rC-}
 o - an uncursed ring of flight
 s - an amulet of faith (around neck) {Faith, !P}
 C - an uncursed ring of resist corrosion
 P - a ring of poison resistance (right hand)
 S - a ring of see invisible (left hand)
Wands
 l - a wand of flame (26)
Scrolls
 c - 2 scrolls of fear
 f - a scroll of fog
 i - 4 scrolls of identify
 r - 5 scrolls of remove curse
 t - 3 scrolls of teleportation
Potions
 d - 2 potions of curing
 h - a potion of brilliance
 q - a potion of agility {unknown}
 u - a potion of resistance
Comestibles
 e - 18 rations


   Skills:
 - Level 8.1 Fighting
 - Level 10.0 Maces & Flails
 * Level 11.8 Crossbows
 - Level 7.7 Armour
 - Level 2.1 Dodging


You had 9 spell levels left.
You didn't know any spells.
Your spell library contained the following spells:

 Spells                   Type           Power        Failure   Level  Hunger
 Beastly Appendage        Tmut           #.....       97%         1    ##.....
 Corona                   Hex            #......      97%         1    ##.....
 Ensorcelled Hibernation  Hex/Ice        #.....       99%         2    ###....
 Sticks to Snakes         Tmut           #.......     99%         2    ###....
 Confuse                  Hex            #.......     100%        3    ####...
 Dazzling Spray           Conj/Hex       #.....       100%        3    ####...
 Spider Form              Tmut/Pois      #.........   100%        3    ####...
 Tukima's Dance           Hex            #.......     100%        3    ####...
 Ice Form                 Ice/Tmut       #.......     100%        4    #####..
 Blade Hands              Tmut           #.........   100%        5    ######.


Dungeon Overview and Level Annotations

Branches:
Dungeon (9/15)             Temple (0/1) D:5            Lair (0/6) D:8
    Orc: D:9-12

Altars:
Ashenzari
Cheibriados
Gozag
Hepliaklqana
Makhleb
Nemelex Xobeh
Okawaru
Qazlal
Sif Muna
Uskayaw

Shops:
D:4 (   D:7 (   D:8 [


Innate Abilities, Weirdness & Mutations

You reflexively headbutt those who attack you in melee.
You have a pair of horns on your head.


Message History

The bolt completely misses the swamp worm.
You hear a splash.
The swamp worm bites you!! x2
* * * LOW HITPOINT WARNING * * *
The swamp worm bites you but does no damage.
The swamp worm bites you!
* * * LOW HITPOINT WARNING * * *
The swamp worm completely misses the plant.
You take 55 damage, and have 24/88 hp.
MASSIVE DAMAGE!!
The +5 triple crossbow of Jekhacw {flame, Str+2 Dex+2 SInv} stops flaming.
Your +2 flail of protection hums with potential!
a - a +2 flail of protection (weapon)
The swamp worm barely misses you.
The swamp worm bites the plant but does no damage.
The swamp worm bites you!
* * * LOW HITPOINT WARNING * * *
You take 15 damage, and have 9/88 hp.
You feel yourself speed up. The swamp worm bites you!
You die...

# ####.#.. .#
##.....>...
.####..........
#.≈≈≈≈≈≈≈#####..
##≈≈≈≈ ≈≈≈≈≈≈###..
#≈≈≈##### #≈≈≈....
#≈≈P#≈≈≈≈ ##≈≈##..
####wwww≈≈≈≈ #≈≈.#..
#...@wP# ##≈≈....
###.≈≈≈#######≈≈≈....
#..≈≈≈≈≈≈≈≈≈≈≈....#
###...#≈≈≈≈)≈≈.).....
#.....###...)......##
###...# #.....######
#...######..####
#...#..........#
#...#..........####


You could see 5 swamp worms.

Levels and vault maps discovered:
D:1:      dpeg_arrival_pits, layout_loops_corners, okawaru_ov_weapons_minmay
D:2:      layout_loops_ring
D:3:      layout_basic, bloody_makhleb, lemuel_doored_altar, serial_glass,
          glass_columns_b, glass_columns_c, item_on_display_a,
          minmay_strange_pillars, minmay_strange_pillars, minmay_strange_pillars
D:4:      layout_gridville, chequers_temple_overflow_statue_of_worship,
          lemuel_round_altar, serial_shops, nicolae_shop_waterfront
D:5:      layout_loops_ring, marbit_many_paths, temple_fountains, first_ration
D:6:      layout_basic
D:7:      layout_gridville, serial_shops, kennysheep_mini_moat, enter_bailey_8
D:8:      layout_loops_corners, david_lair_generic, serial_shops,
          kennysheep_little_box, basic_altar
D:9:      layout_basic, kennysheep_mini, hangedman_little_slice_of_home,
          worms_lemuel
Bailey:   bailey_axe_1, bailey

Notes
Turn   | Place    | Note
-------+----------+-------------------------------------------
     0 | D:1      | AgonHex the Minotaur Berserker began the quest for the Orb.
     0 | D:1      | Reached XP level 1. HP: 19/19 MP: 0/0
    16 | D:1      | Identified a +0 club
   144 | D:1      | Identified a cursed -3 club
   150 | D:1      | Identified a scroll of random uselessness
   151 | D:1      | Identified a scroll of remove curse
   152 | D:1      | Reached skill level 4 in Maces & Flails
   154 | D:1      | HP: 1/19 [leopard gecko (4)]
   455 | D:1      | Identified a +0 dagger
   457 | D:1      | Identified a potion of magic
   531 | D:1      | Reached XP level 2. HP: 26/26 MP: 1/1
   543 | D:1      | Found an iron altar of Okawaru.
   601 | D:1      | Identified a +0 club
   638 | D:1      | Identified a scroll of teleportation
   639 | D:1      | Identified 2 scrolls of fear
   640 | D:1      | Identified a +0 club
   903 | D:1      | Identified a +0 club
   904 | D:1      | Identified a scroll of amnesia
   905 | D:1      | Identified a scroll of identify
   905 | D:1      | Identified a +0 spear of flaming (You found it on level 1
                  | of the Dungeon)
   909 | D:1      | Identified a +1 falchion of holy wrath (You found it on
                  | level 1 of the Dungeon)
   910 | D:1      | Identified a +0 mace
  1093 | D:1      | Reached skill level 5 in Maces & Flails
  1119 | D:1      | Identified a +0 club
  1120 | D:1      | Identified a +0 club
  1353 | D:1      | Identified a +0 dagger
  1355 | D:1      | Reached XP level 3. HP: 31/31 MP: 2/2
  1438 | D:2      | Reached ** piety under Trog
  1665 | D:2      | Identified a +0 short sword
  1854 | D:2      | Identified a ring of fire (You found it on level 2 of the
                  | Dungeon)
  1858 | D:2      | HP: 7/31 [poisoned by an adder]
  1866 | D:2      | HP: 6/31 [poisoned by an adder]
  1874 | D:2      | HP: 5/31 [poisoned by an adder]
  2373 | D:2      | Reached XP level 4. HP: 38/39 MP: 3/3
  2391 | D:2      | Reached skill level 6 in Maces & Flails
  2401 | D:2      | Identified a +0 club
  2901 | D:3      | Identified a cursed -2 club
  2904 | D:3      | Identified a +0 club
  2904 | D:3      | Identified a +0 ring mail
  2905 | D:3      | Identified a +0 dagger
  2905 | D:3      | Identified a +0 leather armour
  2997 | D:3      | Identified a cursed -2 club
  3035 | D:3      | Identified an amulet of guardian spirit (You found it on
                  | level 3 of the Dungeon)
  3123 | D:3      | Found a hazy altar of Hepliaklqana.
  3135 | D:3      | Found a burning altar of Makhleb.
  3143 | D:3      | Identified a +0 flail
  3143 | D:3      | Identified a +0 short sword
  3144 | D:3      | Identified a +0 leather armour
  3147 | D:3      | Identified a +1 flail of protection
  3147 | D:3      | Identified a +0 ring mail
  3298 | D:3      | Reached skill level 7 in Maces & Flails
  3298 | D:3      | Reached XP level 5. HP: 43/45 MP: 4/4
  3606 | D:4      | Identified a +0 flail
  3606 | D:4      | Identified a +0 leather armour
  3607 | D:4      | Identified a +0 dagger
  3607 | D:4      | Identified a +0 robe
  3607 | D:4      | Identified a +0 leather armour
  3695 | D:4      | Noticed a phantom
  3697 | D:4      | Found Ciwnumes's Antique Weapon Shop.
  3730 | D:4      | Killed a phantom
  3730 | D:4      | Reached *** piety under Trog
  3730 | D:4      | Reached skill level 4 in Fighting
  3730 | D:4      | Reached skill level 3 in Armour
  3730 | D:4      | Reached XP level 6. HP: 28/52 MP: 3/5
  3887 | D:4      | Found a snail-covered altar of Cheibriados.
  3890 | D:4      | Found a hide-covered altar of Uskayaw.
  3890 | D:4      | Found a deep blue altar of Sif Muna.
  3891 | D:4      | Found a sparkling altar of Nemelex Xobeh.
  4018 | D:4      | Identified a +0 giant spiked club
  4021 | D:4      | Reached skill level 8 in Maces & Flails
  4110 | D:4      | Found a shattered altar of Ashenzari.
  4258 | D:5      | Entered Level 5 of the Dungeon
  4292 | D:5      | Reached skill level 4 in Armour
  4292 | D:5      | Reached XP level 7. HP: 49/60 MP: 4/6
  4397 | D:5      | Identified a +0 whip
  4399 | D:5      | Identified a +0 club
  4400 | D:5      | Identified a +0 halberd
  4435 | D:5      | Reached skill level 5 in Fighting
  4463 | D:5      | Identified a cursed +0 chain mail (You found it on level 5
                  | of the Dungeon)
  4468 | D:5      | Identified a +0 pair of boots (You found it on level 4 of
                  | the Dungeon)
  4471 | D:5      | Identified a potion of curing
  4551 | D:5      | Found an opulent altar of Gozag.
  4633 | D:5      | Found a staircase to the Ecumenical Temple.
  4672 | D:5      | Reached skill level 9 in Maces & Flails
  4723 | D:5      | Identified a +0 giant spiked club
  5218 | D:6      | Identified a ring of see invisible (You found it on level 6
                  | of the Dungeon)
  5224 | D:6      | Identified a ring of resist corrosion (You found it on
                  | level 6 of the Dungeon)
  5261 | D:6      | Reached skill level 5 in Armour
  5288 | D:6      | Reached XP level 8. HP: 67/70 MP: 7/7
  5305 | D:6      | Identified a +0 shortbow
  5312 | D:6      | Reached skill level 6 in Fighting
  5451 | D:6      | Reached skill level 10 in Maces & Flails
  5521 | D:6      | Identified a +0 shortbow
  5524 | D:6      | Identified a +0 leather armour
  5524 | D:6      | Identified a +0 short sword
  5524 | D:6      | Identified a +0 ring mail
  5525 | D:6      | Identified a +0 dagger
  5525 | D:6      | Identified a +0 robe
  5533 | D:6      | Reached skill level 6 in Armour
  5842 | D:6      | Reached **** piety under Trog
  5978 | D:7      | Identified a scroll of enchant armour
  5979 | D:7      | Identified a scroll of enchant weapon
  5980 | D:7      | Identified a scroll of fog
  5981 | D:7      | Identified a scroll of blinking
  5982 | D:7      | Identified a scroll of magic mapping
  5983 | D:7      | Identified 3 scrolls of noise
  6028 | D:7      | Found a flagged portal.
  6037 | Bailey   | Entered a bailey
  6109 | Bailey   | Identified a +0 shield (You found it on level 3 of the
                  | Dungeon)
  6125 | Bailey   | Identified a +0 hand axe
  6125 | Bailey   | Identified a +0 ring mail
  6125 | Bailey   | Identified a +0 hand axe
  6125 | Bailey   | Identified a +0 leather armour
  6125 | Bailey   | Identified a +0 war axe
  6125 | Bailey   | Identified a +0 leather armour
  6125 | Bailey   | Identified a +0 war axe
  6125 | Bailey   | Identified a +0 scale mail
  6132 | Bailey   | Reached skill level 7 in Fighting
  6333 | Bailey   | Identified a +0 hand axe
  6333 | Bailey   | Identified a +0 leather armour
  6333 | Bailey   | Identified a +0 war axe
  6333 | Bailey   | Identified a +0 leather armour
  6333 | Bailey   | Identified a +0 hand axe
  6333 | Bailey   | Identified a +0 leather armour
  6333 | Bailey   | Identified a +0 battleaxe
  6333 | Bailey   | Identified a +0 scale mail
  6333 | Bailey   | Identified a +0 hand axe
  6333 | Bailey   | Identified a +0 leather armour
  6333 | Bailey   | Identified a +0 hand axe
  6333 | Bailey   | Identified a +0 leather armour
  6333 | Bailey   | Identified a +0 war axe
  6333 | Bailey   | Identified a cursed +0 scale mail
  6333 | Bailey   | Identified a +0 war axe
  6333 | Bailey   | Identified a +0 scale mail
  6333 | Bailey   | Identified a +0 hand axe
  6333 | Bailey   | Identified a +0 leather armour
  6333 | Bailey   | Identified a +0 hand axe
  6333 | Bailey   | Identified a +0 leather armour
  6335 | Bailey   | Identified a +0 hand axe
  6335 | Bailey   | Identified a +0 leather armour
  6336 | Bailey   | Identified a +0 hand axe
  6336 | Bailey   | Identified a +0 leather armour
  6348 | Bailey   | Reached skill level 7 in Armour
  6353 | Bailey   | Reached skill level 8 in Fighting
  6553 | Bailey   | Got a shimmering hand axe
  6589 | Bailey   | Identified a +3 hunting sling of freezing (You found it in
                  | a bailey)
  6601 | Bailey   | Identified 2 potions of haste
  6602 | Bailey   | Identified 3 potions of lignification
  6656 | Bailey   | Identified 2 potions of berserk rage
  6674 | Bailey   | Identified 2 potions of brilliance
  6675 | Bailey   | Identified a potion of heal wounds
  6915 | D:4      | Bought an encrusted triple crossbow for 435 gold pieces
  6915 | D:4      | Bought a glowing whip for 159 gold pieces
  6915 | D:4      | Identified a +0 whip of pain (You bought it in a shop on
                  | level 4 of the Dungeon)
  6921 | D:4      | Identified the +5 triple crossbow of Jekhacw {flame, Str+2
                  | Dex+2 SInv} (You bought it in a shop on level 4 of the
                  | Dungeon)
  6927 | D:4      | Identified the +9 hand axe "Xuar Axza" {chop, rF+ rC+ Str-5
                  | Int+3} (You found it in a bailey)
  6929 | D:4      | Identified an amulet of faith (You found it on level 7 of
                  | the Dungeon)
  7053 | D:7      | Identified a +0 dagger
  7053 | D:7      | Identified a +0 robe
  7053 | D:7      | Identified a +0 mace
  7054 | D:7      | Identified a cursed -3 falchion
  7054 | D:7      | Identified a +0 leather armour
  7056 | D:7      | Identified a +0 giant spiked club
  7070 | D:7      | Reached skill level 1 in Crossbows
  7070 | D:7      | Reached XP level 9. HP: 65/81 MP: 8/8
  7070 | D:7      | Reached skill level 2 in Crossbows
  7276 | D:7      | Found Buheos's Weapon Boutique.
  7346 | D:7      | Identified a potion of degeneration
  7347 | D:7      | Identified a +4 flail (You found it on level 7 of the
                  | Dungeon)
  7364 | D:7      | Reached skill level 3 in Crossbows
  7423 | D:7      | Identified a ring of flight (You found it on level 7 of the
                  | Dungeon)
  7527 | D:7      | Reached skill level 4 in Crossbows
  7686 | D:7      | Identified a +0 giant spiked club
  7958 | D:8      | Reached skill level 5 in Crossbows
  7959 | D:8      | Identified a +0 giant spiked club
  7980 | D:8      | Identified a +0 giant spiked club
  7980 | D:8      | Identified a +0 giant club
  7980 | D:8      | Noticed a two-headed ogre
  7984 | D:8      | Killed a two-headed ogre
  7984 | D:8      | Reached skill level 7 in Crossbows
  8052 | D:8      | Identified a potion of resistance
  8139 | D:8      | Identified a +0 giant club
  8140 | D:8      | Reached skill level 8 in Crossbows
  8148 | D:8      | Found a snail-covered altar of Cheibriados.
  8315 | D:8      | Identified a +3 mace of crushing
  8492 | D:8      | Identified a +0 club
  8494 | D:8      | Identified a +1 dagger of draining
  8494 | D:8      | Identified a +0 robe
  8498 | D:8      | Noticed an elephant
  8499 | D:8      | Identified a +0 club
  8499 | D:8      | Identified a +0 ring mail
  8510 | D:8      | Killed an elephant
  8510 | D:8      | Reached skill level 9 in Crossbows
  8510 | D:8      | Reached XP level 10. HP: 77/88 MP: 9/9
  8637 | D:8      | Reached skill level 10 in Crossbows
  8660 | D:8      | Found a staircase to the Lair.
  8675 | D:8      | Found Eruili's Antique Armour Emporium.
  8681 | D:8      | Bought a distressingly furry plate armour for 672 gold
                  | pieces
  8692 | D:8      | Identified the +4 plate armour of Objectivity {rPois MP+9
                  | Int-4 Stlth+} (You bought it in a shop on level 8 of the
                  | Dungeon)
  8692 | D:8      | Lost intelligence.
  8696 | D:8      | Identified a ring of poison resistance (You found it on
                  | level 8 of the Dungeon)
  9020 | D:9      | Received a gift from Trog
  9029 | D:9      | Identified a cursed -1 trident
  9029 | D:9      | Identified a +0 ring mail
  9030 | D:9      | Identified a +0 flail
  9031 | D:9      | Identified a +0 flail
  9034 | D:9      | Identified a +0 mace
  9037 | D:9      | Received a gift from Trog
  9222 | D:9      | Reached ***** piety under Trog
  9225 | D:9      | Reached skill level 11 in Crossbows
  9301 | D:9      | Identified a +0 club
  9301 | D:9      | Identified a +0 dagger
  9301 | D:9      | Identified a +0 robe
  9302 | D:9      | Identified a +0 dagger
  9302 | D:9      | Identified a +0 robe
  9303 | D:9      | Identified a +0 ring mail
  9303 | D:9      | Identified a +0 mace
  9304 | D:9      | Identified a cursed -3 mace
  9304 | D:9      | Identified a +0 plate armour
  9304 | D:9      | Identified a +0 ring mail
  9305 | D:9      | Identified a cursed -3 dagger
  9305 | D:9      | Identified a +0 robe
  9368 | D:9      | Identified a +0 morningstar
  9368 | D:9      | Identified a +0 leather armour
  9372 | D:9      | Identified a +0 club
  9372 | D:9      | Identified a +0 robe
  9373 | D:9      | Identified a +0 club
  9373 | D:9      | Identified a +0 leather armour
  9548 | D:9      | Identified a +0 troll leather armour
  9742 | D:9      | Found a stormy altar of Qazlal.
  9783 | D:9      | HP: 9/88 [swamp worm (15)]
  9784 | D:9      | Slain by a swamp worm

Table legend:
 A = Turns spent in this place as a percentage of turns spent in the entire game.
 B = Non-inter-level travel turns spent in this place as a percentage of non-inter-level travel turns spent in the entire game.
 C = Inter-level travel turns spent in this place as a percentage of turns spent in this place.
 D = Turns resting spent in this place as a percentage of non-inter-level travel turns spent in this place.
 E = Turns spent auto-exploring this place as a percentage of non-inter-level travel turns spent in this place.
 F = Non-inter-level travel turns spent in this place divided by the number of levels of this place that you've seen.
                   A       B       C       D       E      F
               +-------+-------+-------+-------+-------+----------------------
         Total | 100.0 | 100.0 |   5.8 |   4.1 |  80.1 | 922.0
       Dungeon |  93.4 |  93.0 |   6.2 |   0.4 |  85.6 | 953.1
        Bailey |   6.6 |   7.0 |   0.0 |  54.2 |   6.9 | 642.0
               +-------+-------+-------+-------+-------+----------------------

Table legend:
 A = Kills in this place as a percentage of kills in entire the game.
 B = Kills by you in this place as a percentage of kills by you in the entire game.
 C = Kills by friends in this place as a percentage of kills by friends in the entire game.
 D = Other kills in this place as a percentage of other kills in the entire game.
 E = Experience gained in this place as a percentage of experience gained in the entire game.
 F = Experience gained in this place divided by the number of levels of this place that you have seen.
                   A       B       C       D       E      F
               +-------+-------+-------+-------+-------+----------------------
         Total | 100.0 | 100.0 |   N/A |   N/A | 100.0 | 863.9
       Dungeon |  92.4 |  92.4 |   N/A |   N/A |  91.9 | 882.3
        Bailey |   7.6 |   7.6 |   N/A |   N/A |   8.1 | 698.0
               +-------+-------+-------+-------+-------+----------------------

Skill      XL: |  1  2  3  4  5  6  7  8  9 10 |
---------------+-------------------------------+-----
Maces & Flails | 4 5 7 8 9 10 | 10.0
Fighting       | 4 5 8 |  8.1
Armour         | 3 4 5 7 |  7.7
Crossbows      | 1 9 11 | 11.8
Dodging        | |  2.1

Action                   |  1- 3 |  4- 6 |  7- 9 | 10-12 || total
-------------------------+-------+-------+-------+-------++-------
Melee: Mace              |    79 |    41 |       |       ||   120
       Headbutt          |    15 |    16 |    35 |     8 ||    74
       Flail             |       |    65 |   189 |    64 ||   318
 Fire: Triple crossbow   |       |       |    41 |    54 ||    95
Invok: Berserk           |       |       |     4 |       ||     4
       Trog's Hand       |       |       |     1 |       ||     1
  Use: Scroll            |     6 |       |    11 |     1 ||    18
       Potion            |     1 |       |     5 |     1 ||     7
 Stab: Sleeping          |       |     2 |       |       ||     2
  Eat: Chunk             |     3 |     8 |    10 |     4 ||    25
       Ration            |       |       |     2 |       ||     2
Armor: Animal skin       |    11 |     3 |       |       ||    14
       Leather armour    |       |    13 |     2 |       ||    15
       Chain mail        |       |       |   177 |    52 ||   229
       Skin              |       |       |     1 |       ||     1
Dodge: Dodged            |    45 |    68 |   135 |    51 ||   299
Block: Shield            |       |       |    48 |       ||    48

Vanquished Creatures
  A two-headed ogre (D:8)
  An elephant (D:8)
  2 trolls
  A hornet (D:9)
  3 hippogriffs
  A basilisk (D:8)
  6 orc warriors
  2 ice beasts
  An eye of draining (D:9)
  4 phantoms
  A black bear (D:9)
  6 ogres
  2 centaurs (D:6)
  A crocodile (D:8)
  3 bullfrogs
  3 scorpions
  4 crimson imps
  A bullfrog zombie (D:5)
  A centaur zombie (D:5)
  A quasit (D:6)
  4 bullfrog skeletons
  3 hounds
  4 jellies
  2 centaur skeletons
  An orc priest (D:3)
  8 orc wizards
  An iguana (D:5)
  7 worker ants
  A killer bee zombie (D:8)
  2 hound skeletons
  6 gnolls
  A howler monkey skeleton (D:4)
  9 adders
  A shadow imp (D:8)
  5 oozes (D:9)
  2 adder zombies
  A worm (D:2)
  4 dart slugs
  5 leopard geckos
  31 orcs
  2 giant cockroaches
  10 goblins
  8 hobgoblins
  7 jackals
  7 kobolds
  4 quokkas
  2 ball pythons (D:5)
  7 bats
  5 frilled lizards
  2 jackal skeletons
  13 rats
210 creatures vanquished.

Vanquished Creatures (others)
  A fungus (D:8)
  3 plants
4 creatures vanquished.

Grand Total: 214 creatures vanquished
